 Dungeon Crawl Stone Soup version 0.17.0-18-gaab0e96 (webtiles) character file.

1308 4thArraOfDagon the Grappler (level 8, -1/71 HPs)
             Began as a Minotaur Monk on Nov 11, 2015.
             Was a Priest of Makhleb.
             Slain by an ogre
             ... wielding a +0 giant club
              (29 damage)
             ... on level 10 of the Dungeon.
             The game lasted 00:07:09 (1223 turns).

4thArraOfDagon the Grappler (Minotaur Monk)         Turns: 1223, Time: 00:07:09

Health: -1/71      AC:  8    Str: 23    XL:     8   Next: 32%
Magic:  8/8        EV: 10    Int:  9    God:    Makhleb [***...]
Gold:   114        SH:  0    Dex: 12    Spells: 0 memorised, 7 levels left

rFire  . . .     SeeInvis .       - Unarmed
rCold  . . .     Rnd*Rage +     l - +0 chain mail
rNeg   . . .     SustAt   .     (no shield)
rPois  .         Gourm    .     (helmet restricted)
rElec  .         Spirit   .     (no cloak)
rCorr  .         Warding  .     (no gloves)
rMut   .         Stasis   .     (no boots)
MR     .....                    (no amulet)
Stlth  ..........               (no ring)
                                h - +6 ring of strength

@: slowed, very slow, not resistant to hostile enchantments, extremely
unstealthy
A: retaliatory headbutt, hooves 1, horns 2, berserk 1, breathe flames 1
a: Minor Destruction, Lesser Servant of Makhleb, Renounce Religion, Breathe Fire


You were on level 10 of the Dungeon.
You worshipped Makhleb.
Makhleb was most pleased with you.
You were not hungry.

You visited 1 branch of the dungeon, and saw 10 of its levels.
You also visited: Sewer.

You collected 114 gold pieces.

Inventory:

Armour
 l - a +0 chain mail (worn)
Jewellery
 h - a +6 ring of strength (left hand)
Scrolls
 c - a scroll of magic mapping
 e - a scroll of amnesia
 f - a scroll of recharging {unknown}
 i - 2 scrolls of enchant weapon
 n - a scroll of identify
 s - 3 scrolls of immolation
Potions
 d - 2 potions of haste
 g - a potion of lignification
 j - a potion of agility {unknown}
 k - a potion of degeneration {unknown}
 o - a potion of flight {unknown}
 p - a potion of mutation
 r - a potion of poison {unknown}
 v - 2 potions of resistance
Comestibles
 a - a chunk of flesh
 b - 5 bread rations
 m - a meat ration
 q - a beef jerky


   Skills:
 + Level 6.8 Fighting
 + Level 6.3 Dodging
 - Level 1.5 Stealth
 * Level 8.9 Unarmed Combat
 + Level 2.0 Invocations


You had 7 spell levels left.
You didn't know any spells.

Dungeon Overview and Level Annotations

Branches:
Dungeon (10/15)
 Temple: D:4-7         Lair: D:8-11         Orc: D:9-12

Altars:
Elyvilon
Makhleb
Nemelex Xobeh
Ru
Trog
Vehumet
Xom

Annotations:
D:6 Edmund
D:9 asdu's ghost, novice DDWr


Innate Abilities, Weirdness & Mutations

You reflexively headbutt those who attack you in melee.
You have a pair of horns on your head.
You have large cloven feet.
You tend to lose your temper in combat.
You can breathe flames.


Message History

Unknown command.
You hit the wasp. Your kick misses the wasp.
The wasp is almost dead.
The wasp stings you!
* * * LOW HITPOINT WARNING * * *
You feel as though you will be slow longer.
The wasp stings you!
* * * LOW HITPOINT WARNING * * *
You suddenly lose the ability to move!
You can move again.
An ogre comes into view. It is wielding a giant club.
You punch the wasp!
You kill the wasp!
Makhleb accepts your kill.
Your Invocations skill increases to level 2!
Unknown command.
Unknown command.
Drink which item? (? for menu, Esc to quit)
You feel much better. The ogre hits you with a giant club!!
You die...

#... ...% #...
... ...##...
.......
#.....#
#.....#
#.##..#
#.##@.#
###....O#####
#............
#.##..##.....
#....<........
#.............
#.............
#.............
#....(......#


You could see an ogre.

Vanquished Creatures
  A hippogriff (D:8)
  A water moccasin (D:9)
  A necrophage (D:9)
  A sky beast (D:7)
  A centaur (D:8)
  3 ogres
  A big kobold (Sewer)
  A wasp (D:10)
  A wyvern skeleton (D:7)
  2 hounds
  A jelly (D:5)
  A centaur zombie (D:6)
  An orc wizard (D:8)
  2 worker ants
  2 iguanas
  A hound skeleton (D:6)
  4 adders
  A shadow imp (D:6)
  An ooze (Sewer)
  A worm (Sewer)
  5 orcs
  A ball python (Sewer)
  3 bats
  3 giant cockroaches
  A hobgoblin (D:1)
  3 jackals (D:6)
  9 kobolds
  A giant newt (D:2)
  A goblin (D:2)
  A jackal skeleton (D:5)
  2 quokkas
  5 rats
63 creatures vanquished.

Notes
Turn   | Place    | Note
--------------------------------------------------------------
     0 | D:1      | 4thArraOfDagon the Minotaur Monk began the quest for the Orb.
     0 | D:1      | Reached XP level 1. HP: 19/19 MP: 0/0
   112 | D:1      | Reached XP level 2. HP: 12/27 MP: 1/1
   191 | D:2      | Found a sacrificial altar of Ru.
   221 | D:2      | Found a bloodstained altar of Trog.
   272 | D:3      | Found a burning altar of Makhleb.
   275 | D:3      | Found a sparkling altar of Nemelex Xobeh.
   280 | D:3      | Reached skill level 5 in Unarmed Combat
   280 | D:3      | Reached XP level 3. HP: 9/33 MP: 2/2
   283 | D:3      | Found a shimmering altar of Xom.
   286 | D:3      | Found a white marble altar of Elyvilon.
   296 | D:3      | hmm
   298 | D:3      | Became a worshipper of Makhleb the Destroyer
   298 | D:3      | Reached * piety under Makhleb
   298 | D:3      | Reached ** piety under Makhleb
   352 | D:5      | Entered Level 5 of the Dungeon
   457 | D:5      | Reached XP level 4. HP: 20/40 MP: 3/3
   534 | D:5      | Found a glowing drain.
   542 | Sewer    | Entered a sewer
   580 | Sewer    | Noticed a big kobold
   589 | Sewer    | Killed a big kobold
   589 | Sewer    | Reached skill level 6 in Unarmed Combat
   589 | Sewer    | Reached XP level 5. HP: 41/47 MP: 4/4
   729 | D:6      | Reached skill level 5 in Fighting
   749 | D:6      | Reached XP level 6. HP: 39/56 MP: 5/5
   756 | D:6      | Noticed an ogre
   761 | D:6      | Killed an ogre
   776 | D:6      | Noticed Edmund
   809 | D:6      | Reached skill level 7 in Unarmed Combat
   870 | D:6      | Reached *** piety under Makhleb
   870 | D:6      | Reached skill level 5 in Dodging
   909 | D:8      | Reached XP level 7. HP: 61/61 MP: 6/6
   925 | D:8      | Noticed a hippogriff
   938 | D:8      | Killed a hippogriff
   985 | D:7      | Reached skill level 8 in Unarmed Combat
  1116 | D:9      | Found a radiant altar of Vehumet.
  1124 | D:9      | Gained mutation: You have large cloven feet. [potion of mutation]
  1124 | D:9      | Gained mutation: You can breathe flames. [potion of mutation]
  1124 | D:9      | Gained mutation: You tend to lose your temper in combat. [potion of mutation]
  1130 | D:9      | Reached skill level 1 in Invocations
  1133 | D:9      | Reached XP level 8. HP: 48/71 MP: 7/7
  1185 | D:9      | Noticed asdu's ghost (novice DDWr)
  1210 | D:10     | Entered Level 10 of the Dungeon
  1221 | D:10     | HP: 2/71 [wasp (8)]
  1221 | D:10     | Paralysed by a wasp for 1 turns
  1223 | D:10     | Slain by an ogre

Action                   |  1- 3 |  4- 6 |  7- 9 || total
-------------------------+-------+-------+-------++-------
Melee: Unarmed           |    45 |    90 |    51 ||   186
  Use: Scroll            |     4 |       |     3 ||     7
       Potion            |     1 |     1 |     4 ||     6
  Eat: Chunk             |       |       |     2 ||     2
